 Dungeon Crawl Stone Soup version 0.31-a0-588-g14bffd4ff3 (webtiles) character file.

Game seed: 16545237182394643972

3259 Conn the Magician (level 10, -3/60 HPs)
             Began as an Octopode Fire Elementalist on Aug 19, 2023.
             Was a Follower of Sif Muna.
             Succumbed to their own poison gas
             ... on level 9 of the Dungeon.
             The game lasted 00:16:09 (8117 turns).

Conn the Magician (Octopode Fire Elementalist)      Turns: 8117, Time: 00:16:09

Health: -3/60      AC:  1    Str:  8    XL:     10   Next: 0%
Magic:  1/21       EV: 13    Int: 27    God:    Sif Muna [*.....]
Gold:   461        SH:  0    Dex: 13    Spells: 2/24 levels left

rFire   . . .        a - +5 dagger (venom)
rCold   . . .        (no shield)
rNeg    . . .        (helmet restricted)
rPois   .            (no amulet)
rElec   .            s - +6 ring of intelligence
rCorr   +            u - ring of resist corrosion
SInv    .            (no ring)
Will    .....        (no ring)
Stlth   +++          (no ring)
HPRegen 0.30/turn    (no ring)
MPRegen 0.17/turn    (no ring)
                     (no ring)

%: no passive effects
@: lethally poisoned (-3 -> -20), very slightly contaminated
A: almost no armour, amphibious, 8 rings, camouflage 1, gelatinous body 1,
(nimble swimmer 1), tentacles
a: Renounce Religion, Channel Magic


You were on level 9 of the Dungeon.
You worshipped Sif Muna.
Sif Muna was aware of your devotion.
You visited 2 branches of the dungeon, and saw 10 of its levels.

You collected 461 gold pieces.

Inventory:

Hand Weapons
 a - a +5 dagger of venom (weapon)
 b - a +0 arbalest
 k - a +0 dagger of draining
Missiles
 n - 2 poisoned darts
Jewellery
 g - a ring of ice
 s - a +6 ring of intelligence (left tentacle)
 u - a ring of resist corrosion (right tentacle)
Wands
 e - a wand of polymorph (7)
 v - a wand of quicksilver (8)
 w - a wand of digging (3)
Scrolls
 c - a scroll of silence
 h - 2 scrolls of poison
 i - a scroll of fog
 j - a scroll of enchant armour
 m - a scroll of revelation
 o - 2 scrolls of blinking
 t - 2 scrolls of vulnerability
Potions
 f - a potion of lignification
 p - 2 potions of curing
 q - a potion of mutation
 r - a potion of might


   Skills:
 + Level 2.1 Fighting
 + Level 0.9 Short Blades
 + Level 1.2 Ranged Weapons
 + Level 2.7 Dodging
 + Level 3.8 Stealth
 - Level 0.4 Unarmed Combat
 * Level 7.8 Spellcasting
 * Level 5.8 Conjurations
 + Level 1.3 Hexes
 * Level 5.3 Summonings
 + Level 6.2 Fire Magic
 * Level 0.9 Air Magic
 * Level 1.1 Invocations


You had 2 spell levels left.
You knew the following spells:

 Your Spells              Type           Power      Damage    Failure   Level
a - Foxfire               Conj/Fire      100%       2x1d9     1%          1
b - Scorch                Fire           88%        2d8       1%          2
c - Inner Flame           Hex/Fire       31%        N/A       3%          3
d - Flame Wave            Conj/Fire      43%        2d11      4%          4
e - Summon Small Mammal   Summ           100%       N/A       1%          1
f - Hailstorm             Conj/Ice       26%        3d7       4%          3
g - Summon Ice Beast      Ice/Summ       24%        N/A       19%         4
h - Summon Lightning Spi  Summ/Air       27%        N/A       14%         4

Your spell library contained the following spells:

 Spells                   Type           Power      Damage    Failure   Level
 Static Discharge         Conj/Air       58%        2-5/arc   1%          2
 Apportation              Tloc           20%        N/A       5%          1
 Necrotise                Necr           40%        1d6       5%          1
 Cigotuvi's Dreadful Rot  Necr/Pois/Air  24%        N/A       7%          2
 Sublimation of Blood     Necr           10%        N/A       9%          2
 Wereblood                Tmut           10%        N/A       9%          2
 Volatile Blastmotes      Fire/Tloc      54%        2d14      4%          3
 Airstrike                Air            7%         2d(2-18)  34%         4
 Dispel Undead            Necr           10%        3d9       47%         4
 Summon Hydra             Summ           19%        N/A       99%         7
 Death Channel            Necr           5%         N/A       100%        6
 Simulacrum               Ice/Necr       5%         N/A       100%        6


Dungeon Overview and Level Annotations

Branches:
Dungeon (9/15)             Temple (1/1) D:7            Lair (0/5) D:9
    Orc: D:9-12

Altars:
Ashenzari
Dithmenos
Elyvilon
Fedhas
Gozag
Hepliaklqana
Kikubaaqudgha
Makhleb
Nemelex Xobeh
Okawaru
Ru
Sif Muna
Trog
Uskayaw
Vehumet
Wu Jian
Xom
Zin
The Shining One


Innate Abilities, Weirdness & Mutations

You cannot wear most types of armour.
You are amphibious.
You can wear up to eight rings at the same time.
Your skin changes colour to match your surroundings (Stealth+).
Your rubbery body absorbs attacks. (AC +1, EV +1)
((You are camouflaged when in or above water. (Stealth+)))
You have tentacles for arms and can constrict up to eight enemies at once.


Message History

The yak gores you!
* * * LOW HITPOINT WARNING * * *
The elephant is engulfed in poison gas.
The elephant looks even sicker.
The elephant tramples you!
* * * LOW HITPOINT WARNING * * *
You hold your ground!
The elephant closely misses you.
The black bear looks even sicker.
A wave of flame ripples out!
The flame wave engulfs the elephant!
The elephant is burned terribly!
The elephant is heavily wounded.
The flame wave engulfs the yak!
The yak is almost dead.
You hear a bellow!
The yak is engulfed in poison gas.
The yak looks as sick as possible!
The yak is engulfed in poison gas.
The yak looks as sick as possible!
You kill the yak!
Sif Muna accepts your kill.
The elephant is engulfed in poison gas.
The elephant looks as sick as possible!
The elephant closely misses you. The elephant trunk-slaps you.
* * * LOW HITPOINT WARNING * * *
Your Invocations skill increases to level 1!
You have reached level 10!
You feel agile.
A wave of flame ripples out!
The flame wave engulfs the elephant!
The elephant is burned terribly!
The elephant is almost dead.
You finish channelling waves of flame.
You hear an angry buzzing noise.
You hear a shout!
You hear a horrible gurgling sound!
You hear a bellow!
The yak is engulfed in poison gas.
The yak is poisoned.
The yak is engulfed in poison gas.
The yak looks as sick as possible!
The elephant is engulfed in poison gas.
The elephant looks as sick as possible!
The elephant tramples you.
* * * LOW HITPOINT WARNING * * *
You stumble backwards!
Unknown command.
You feel better.
You are engulfed in poison gas.
You are lethally poisoned!
* * * LOW HITPOINT WARNING * * *
You die...

..... #.#
....§####..#
....§☼§§...#
....h§§§...#
#§§....#
#☼§y...#
#§#.<###
#Y##.#
#@##.#
#☼##..
#.###. #§#
.. #g## ..
#YY##...
#g§.#
#.#......
#.##.....
#...


You could see an elephant (extremely poisoned, combustible), 2 yaks, a black
bear (very poisoned) and 2 gnolls.

Vanquished Creatures
  A troll (D:5)
  A hornet (D:6)
  A yak (D:9)
  A steam dragon (D:7)
  2 water moccasins
  A sky beast (D:7)
  3 black bears
  An orc warrior (D:9)
  2 ogres
  A phantom (D:7)
  A centaur (D:8)
  3 bullfrogs
  A gnoll sergeant (D:9)
  2 scorpions
  5 killer bees (D:9)
  2 howler monkeys
  3 jellies
  2 hounds
  7 orc priests
  3 gnoll boudas
  An iguana (D:6)
  3 orc wizards
  A sleepcap (D:6)
  6 adders
  15 gnolls
  A shadow imp (D:7)
  A white imp (D:7)
  3 worms
  A dart slug (D:5)
  27 orcs
  6 endoplasms
  3 giant cockroaches
  13 goblins
  7 hobgoblins
  10 jackals
  3 quokkas
  12 ball pythons
  5 bats
  3 frilled lizards (D:2)
  4 kobolds
  5 rats
173 creatures vanquished.

Vanquished Creatures (others)
  467 foxfires
467 creatures vanquished.

Grand Total: 640 creatures vanquished

Notes
Turn   | Place    | Note
-------+----------+-------------------------------------------
     0 | D:1      | Conn the Octopode Fire Elementalist began the quest for the
                  | Orb.
     0 | D:1      | Reached XP level 1. HP: 11/11 MP: 3/3
   153 | D:1      | Reached XP level 2. HP: 14/17 MP: 3/5
   256 | D:1      | Learned a level 2 spell: Scorch
   882 | D:1      | Reached XP level 3. HP: 21/21 MP: 1/6
   890 | D:1      | Learned a level 3 spell: Inner Flame
  2127 | D:2      | Found a faded altar of an unknown god.
  2221 | D:2      | Reached skill level 3 in Spellcasting
  2221 | D:2      | Reached XP level 4. HP: 27/27 MP: 4/8
  2885 | D:3      | Reached XP level 5. HP: 31/31 MP: 2/10
  3965 | D:4      | Reached XP level 6. HP: 36/36 MP: 3/11
  4162 | D:5      | Entered Level 5 of the Dungeon
  4191 | D:5      | Learned a level 4 spell: Flame Wave
  4193 | D:5      | Learned a level 1 spell: Summon Small Mammal
  4332 | D:5      | Identified the +0 ring mail "Zuog" {+Inv}
  4347 | D:5      | Noticed a water moccasin
  4351 | D:5      | Killed a water moccasin
  4352 | D:5      | Reached skill level 4 in Spellcasting
  4424 | D:5      | Noticed a black bear
  4429 | D:5      | Killed a black bear
  4430 | D:5      | Reached skill level 1 in Summonings
  4430 | D:5      | Reached XP level 7. HP: 24/41 MP: 4/13
  4558 | D:5      | Noticed a troll
  4564 | D:5      | Killed a troll
  4565 | D:5      | Reached skill level 1 in Ranged Weapons
  4687 | D:5      | Reached skill level 5 in Spellcasting
  4761 | D:5      | Reached skill level 1 in Fighting
  5032 | D:5      | Reached skill level 5 in Fire Magic
  5032 | D:5      | Reached XP level 8. HP: 44/48 MP: 10/16
  5221 | D:6      | Noticed a hornet
  5226 | D:6      | Killed a hornet
  5726 | D:6      | Reached skill level 6 in Spellcasting
  6334 | D:6      | Reached skill level 5 in Conjurations
  6334 | D:6      | Reached XP level 9. HP: 54/54 MP: 12/18
  6525 | D:7      | Reached skill level 1 in Hexes
  6830 | D:7      | Found a staircase to the Ecumenical Temple.
  6880 | Temple   | Entered the Ecumenical Temple
  6908 | Temple   | Became a worshipper of Sif Muna the Loreminder
  6940 | D:7      | Reached skill level 7 in Spellcasting
  7092 | D:7      | Found an ornate altar of the Wu Jian Council.
  7103 | D:7      | Found a broken altar of Ashenzari.
  7236 | D:7      | Learned a level 3 spell: Hailstorm
  7241 | D:7      | Learned a level 4 spell: Summon Ice Beast
  7246 | D:7      | Learned a level 4 spell: Summon Lightning Spire
  7426 | D:8      | Found a shimmering altar of Xom.
  8000 | D:9      | Found a staircase to the Lair.
  8000 | D:9      | Noticed an elephant
  8013 | D:9      | Reached skill level 5 in Summonings
  8027 | D:9      | Reached * piety under Sif Muna
  8116 | D:9      | Reached skill level 1 in Invocations
  8116 | D:9      | Reached XP level 10. HP: 5/60 MP: 2/21
  8116 | D:9      | HP: 2/60 [elephant (4)]
  8117 | D:9      | Succumbed to their own poison gas

Illustrated notes

Levels and vault maps discovered:
D:1:      heliophobic_arrival_dark_side_of_the_moon, layout_loops_corners
D:2:      layout_loops_ring, shapermc_ecumenical_altar_mp_urbaneastern
D:3:      layout_basic, kennysheep_orc_chapel
D:4:      layout_layer_cave, dk_vineyard_2, minmay_tree_intersection
D:5:      layout_loops_cross, minmay_misc_feat_cross
D:6:      layout_gridville
D:7:      layout_rooms, mainiacjoe_overflow_swirl, minmay_temple_entry_glass,
          minmay_misc_feat_ornament
D:8:      layout_gridville, xom_teletrap_fun
D:9:      minmay_the_grid_triangle_9x9_rhombus_thin
          [minmay_the_grid_triangle_9x9_longest,
          minmay_the_grid_triangle_9x9_prize_insulated,
          minmay_the_grid_triangle_9x9_sprig,
          minmay_the_grid_triangle_9x9_empty], layout_rooms,
          gammafunk_temple_overflow_wave, david_lair_generic,
          kennysheep_decorative_pillar, minmay_unpleasant_kobolds
Temple:   regret_index_temple_sphere_string

Skill      XL: |  1  2  3  4  5  6  7  8  9 |
---------------+----------------------------+-----
Stealth        | 3 |  3.8
Spellcasting   | 3 4 5 6 7 |  7.8
Conjurations   | 2 3 5 |  5.8
Fire Magic     | 4 5 6 |  6.2
Summonings     | 1 2 4 5 |  5.3
Ranged Weapons | 1 |  1.2
Fighting       | 1 2 |  2.1
Hexes          | 1 |  1.3
Invocations    | 1 |  1.1
Short Blades   | |  0.9
Dodging        | |  2.7
Unarmed Combat | |  0.4
Air Magic      | |  0.9

Action                     |  1- 3 |  4- 6 |  7- 9 | 10-12 || total
---------------------------+-------+-------+-------+-------++-------
  Melee: Unarmed           |    38 |     4 |       |       ||    42
         Constrict         |    11 |     4 |     2 |       ||    17
         Tentacles         |     4 |     4 |     3 |       ||    11
         Dagger            |       |    17 |     9 |       ||    26
   Fire: Arbalest          |       |     6 |       |       ||     6
   Cast: Foxfire           |    63 |    84 |   126 |       ||   273
         Scorch            |     6 |     9 |    38 |       ||    53
         Flame Wave        |       |     1 |     8 |       ||     9
         Inner Flame       |       |       |     5 |       ||     5
         Summon Small Mamm |       |       |     1 |       ||     1
    Use: Scroll            |       |    10 |     6 |       ||    16
         Potion            |       |     1 |     7 |     1 ||     9
   Stab: Sleeping          |       |     2 |     3 |       ||     5
 Armour: Skin              |     1 |     2 |    17 |       ||    20
  Dodge: Dodged            |    38 |    25 |    41 |       ||   104

Table legend: (Time is in decaauts)
 A = Elapsed time spent in this place.
 B = Non-inter-level travel time spent in this place.
 C = Inter-level travel time spent in this place.
 D = Time resting spent in this place.
 E = Time spent auto-exploring this place.
 F = Levels seen in this place.
 G = Mean time per level.
                   A        B        C        D        E       F      G
               +--------+--------+--------+--------+--------+-----+--------+
         Total |   8118 |   7837 |    281 |      0 |   6421 |  10 |  811.8 |
       Dungeon |   8062 |   7830 |    232 |      0 |   6421 |   9 |  895.8 |
        Temple |     56 |      7 |     49 |      0 |      0 |   1 |   56.0 |
               +--------+--------+--------+--------+--------+-----+--------+

Top non-repeatable levels by time:
     D:6: 1327 daAuts
     D:1: 1327 daAuts
     D:2: 1081 daAuts
     D:3: 1065 daAuts
     D:5: 1025 daAuts
     D:7: 788 daAuts
     D:4: 684 daAuts
     D:8: 640 daAuts
     D:9: 119 daAuts
  Temple: 56 daAuts
